 Zot Defence DCSS version 0.15-a0-2102-gacb6860 (webtiles) character file.

394 N00bl0rd the Covered (level 6, -17/38 HPs)
             Began as a Gargoyle Fighter on July 15, 2014.
             Was an Initiate of Okawaru.
             Demolished by a goliath beetle (23 damage)
             ... in the Realm of Zot (Scenario II: Battle Heart).
             The game lasted 00:04:38 (830 turns).

N00bl0rd the Covered (Gargoyle Fighter)              Turns: 830, Time: 00:04:38

HP -17/38        AC 11     Str 22      XL: 6   Next: 82%
MP   6/6         EV  7     Int  8      God: Okawaru [......]
Gold 0           SH  9     Dex  9      Spells:  0 memorised,  5 levels left

rFire  . . .     SeeInvis .     a - +0 war axe
rCold  . . .     Clarity  .     b - +0 scale mail
rNeg   + . .     rCorr    .     c - +0 shield
rPois  +         rRot     +     (no helmet)
rElec  +         Spirit   .     (no cloak)
SustAb .         Warding  .     (no gloves)
rMut   .         Stasis   .     (no boots)
Gourm  .                        (no amulet)
MR     .....                    (no ring)
                                (no ring)

@: not resistant to hostile enchantments, extremely unstealthy
A: negative energy resistance 1, electricity resistance, unbreathing,
petrification resistance, rot immunity, AC +4
a: Make oklob sapling, Make arrow trap, Make plant, Remove Curse, Make burning
bush, Make altar, Make grenades, Renounce Religion


You were in the Realm of Zot.
You worshipped Okawaru.
Okawaru was noncommittal.
You were not hungry.

You visited 1 branch

Inventory:

Hand weapons
 a - a +0 war axe (weapon)
Armour
 b - a +0 scale mail (worn)
 c - a +0 shield (worn)
Comestibles
 f - a bread ration
Scrolls
 k - a scroll of blinking
Potions
 d - 3 potions of curing
 e - a potion of might
 g - a potion of heal wounds
 h - a potion of haste
 i - 2 potions of magic
 j - a potion of berserk rage


   Skills:
 + Level 4.2 Fighting
 * Level 3.8 Axes
 + Level 4.4 Armour
 * Level 2.5 Dodging
 + Level 4.2 Shields


You had 5 spell levels left.
You didn't know any spells.

Dungeon Overview and Level Annotations

Branches:
    Zot (1/1)

Altars:
Okawaru


Innate Abilities, Weirdness & Mutations

You are resistant to torment.
You are immune to poison.
Your stone body is very resilient (AC +4).
You resist negative energy.
You are resistant to electric shocks.
You can survive without breathing.
You are immune to petrification.
You are immune to rotting.


Message History

The goliath beetle is lightly wounded.
You block the adder's attack. The adder closely misses you.
Unknown command.
Your shield and scale mail prevent you from hitting the goliath beetle.
The goliath beetle is moderately wounded.
You slash the adder!
You kill the adder!
Okawaru accepts your kill.
You hit the goliath beetle.
The goliath beetle is lightly wounded.
The goliath beetle closely misses you. You block the goliath beetle's attack.
Unknown command.
Unknown command.
You hit the goliath beetle but do no damage.
The goliath beetle is moderately wounded.
You hit the goliath beetle but do no damage.
The goliath beetle is lightly wounded.
The goliath beetle bites you!!
Ouch! That really hurt!
You die...

.....▓ ▓∆▓∆▓∆▓▓▓∆▓∆▓∆▓ ▓.....
....▓▓ ▓∆∆∆∆∆▓ ▓∆∆∆∆∆▓ ▓▓....
▓▓▓▓▓ ▓▓▓▓▓▓▓▓▓▓▓▓▓▓▓ ▓▓▓▓▓ ▓▓P▓▓
▓▓%..▓▓ ▓▓..)..▓▓ ▓
▓▓▓▓▓▓▓..%....▓▓▓▓▓▓▓ ▓
▓▓▓▓▓▓▓........B)...%.....▓▓▓▓▓▓▓
..........)%.%.)@%.%)))h.........
......▓........B.)..).....▓......
......▓▓▓▓▓▓▓.......▓▓▓▓▓▓▓......
....▓▓▓ ▓▓.....▓▓ ▓▓▓.... ...▓▓
▓▓...▓▓ ▓▓... ..▓▓ ▓▓.▓▓ ▓▓.. ▓▓▓
▓▓▓ ▓▓▓ ▓ ▓


You could see 2 goliath beetles, a hound and a friendly oklob sapling.

Vanquished Creatures
  A gnoll shaman (Zot)
  A hound (Zot)
  Jessica (Zot)
  An orc skeleton (Zot)
  A shadow imp (Zot)
  An adder (Zot)
  4 oozes (Zot)
  2 bats (Zot)
  6 goblins (Zot)
  A hobgoblin (Zot)
  8 kobolds (Zot)
  A ball python zombie (Zot)
  2 giant cockroaches (Zot)
  2 giant cockroach zombies (Zot)
  A giant newt (Zot)
  3 goblin zombies (Zot)
  2 kobold zombies (Zot)
  8 rats (Zot)
  2 rat zombies (Zot)
48 creatures vanquished.

Vanquished Creatures (collateral kills)
  A sheep (Zot)
  A gnoll (Zot)
  A giant mite (Zot)
  2 worms (Zot)
  4 ball pythons (Zot)
  A bat zombie (Zot)
  3 hobgoblins (Zot)
  3 bats (Zot)
  3 giant cockroaches (Zot)
  2 giant newts (Zot)
  4 goblins (Zot)
  7 kobolds (Zot)
  5 rats (Zot)
37 creatures vanquished.

Grand Total: 85 creatures vanquished

Notes
Turn   | Place    | Note
--------------------------------------------------------------
     0 | Zot      | N00bl0rd, the Gargoyle Fighter, began the quest for the Orb.
     0 | Zot      | Reached XP level 1. HP: 14/14 MP: 1/1
   229 | Zot      | Reached XP level 2. HP: 14/19 MP: 2/2
   243 | Zot      | Reached skill level 1 in Dodging
   263 | Zot      | Reached XP level 3. HP: 20/23 MP: 3/3
   359 | Zot      | Reached XP level 4. HP: 18/28 MP: 4/4
   479 | Zot      | Reached skill level 4 in Armour
   479 | Zot      | Reached XP level 5. HP: 18/33 MP: 5/5
   648 | Zot      | Reached XP level 6. HP: 32/38 MP: 6/6
   657 | Zot      | Became a worshipper of Warmaster Okawaru
   667 | Zot      | Noticed Jessica
   677 | Zot      | Killed Jessica
   830 | Zot      | Demolished by a goliath beetle

Action                   |  1- 3 |  4- 6 || total
-------------------------+-------+-------++-------
Melee: War axe           |    39 |    77 ||   116
 Abil: Make oklob saplin |     1 |       ||     1
       Make altar        |       |     1 ||     1
